 Seeded DCSS version 0.28-a0-631-g0446da8ef9 (webtiles) character file.

Game seed: 20211010 (custom seed)

5922 a11behringer the Carver (level 10, -11/88 HPs)
             Began as a Minotaur Fighter on Oct 10, 2021.
             Was an Elder of Okawaru.
             Mangled by a two-headed ogre (20 damage)
             ... on level 9 of the Dungeon.
             The game lasted 00:32:51 (7430 turns).

a11behringer the Carver (Minotaur Fighter)          Turns: 7430, Time: 00:32:52

Health: -11/88     AC: 28    Str: 23    XL:     10   Next: 53%
Magic:  0/11       EV:  8    Int:  5    God:    Okawaru [****..]
Gold:   198        SH:  7    Dex: 15    Spells: 9/9 levels left

rFire   + + .      SeeInvis .   a - +0 long sword
rCold   . . .      Faith    .   c - +0 buckler
rNeg    . . .      Spirit   +   G - +1 crystal plate armour
rPois   +          Reflect  .   (helmet restricted)
rElec   .          Harm     .   u - +0 cloak
rCorr   .          Rampage  .   (no gloves)
Will    .....                   e - +1 pair of boots
Stlth   ..........              g - amulet "Ecuch" {Spirit rPois rF++ Regen+ Dex-2}
HPRegen 1.24/turn               B - +6 ring of dexterity
MPRegen 0.12/turn               (no ring)

@: about to teleport, heroic
A: horns 2, retaliatory headbutt
a: Renounce Religion, Heroism, Finesse


You were on level 9 of the Dungeon.
You worshipped Okawaru.
Okawaru was greatly pleased with you.
You visited 2 branches of the dungeon, and saw 10 of its levels.
You also visited: Bailey.

You collected 470 gold pieces.
You spent 272 gold pieces at shops.

Inventory:

Hand Weapons
 a - a +0 long sword (weapon)
 i - a +0 great sword
 p - a +0 hunting sling
Missiles
 n - 131 sling bullets
 y - 44 bolts
Armour
 b - a +0 scale mail
 c - a +0 buckler (worn)
 e - a +1 pair of boots (worn)
 k - a scarf of invisibility
 l - a +0 plate armour
 s - a +0 chain mail
 t - a +0 pair of boots
 u - a +0 cloak (worn)
 w - the +1 chain mail of the Doldrums {rElec}
   (You found it on level 4 of the Dungeon)

   rElec:     It insulates you from electricity.
 G - a +1 crystal plate armour (worn)
 K - +0 steam dragon scales
 M - a +0 troll leather armour
Jewellery
 g - the amulet "Ecuch" (around neck) {Spirit rPois rF++ Regen+ Dex-2}
   (You acquired it on level 2 of the Dungeon)

   [amulet of guardian spirit]

   It causes incoming damage to be divided between your reserves of health and
   magic.
   Dex:       It affects your dexterity (-2).
   rF:        It greatly protects you from fire.
   rPois:     It protects you from poison.
   Regen:     It increases your rate of health regeneration.
 B - a +6 ring of dexterity (left hand)
Wands
 v - a wand of iceblast (18)
 L - a wand of acid (9)
Scrolls
 j - 5 scrolls of enchant armour
 q - 6 scrolls of teleportation
 E - 2 scrolls of enchant weapon
 I - a scroll of silence {unknown}
 J - a scroll of noise {unknown}
 O - a scroll of magic mapping
Potions
 d - a potion of might
 f - 7 potions of curing
 h - a potion of resistance
 m - a potion of invisibility
 o - 3 potions of brilliance
 r - 4 potions of attraction {unknown}
 x - 2 potions of haste
 z - 2 potions of berserk rage
 A - 2 potions of lignification
 D - a potion of degeneration
 F - 3 potions of heal wounds
 H - a potion of ambrosia {unknown}
Miscellaneous
 C - a lightning rod (4/4)
 N - a tin of tremorstones (2/2)


   Skills:
 + Level 8.1(13.1) Fighting
 * Level 12.9(17.9) Long Blades
 - Level 5.0(10.0) Slings
 + Level 8.9(13.9) Armour
 + Level 2.5(7.5) Dodging
 + Level 6.2(11.2) Shields
 * Level 2.7 Invocations


You had 9 spell levels left.
You didn't know any spells.
Your spell library contained the following spells:

 Spells                   Type           Power      Damage    Failure   Level
 Pain                     Necr           0%         1d4       100%        1
 Gell's Gravitas          Tloc           0%         N/A       100%        3
 Teleport Other           Tloc           0%         N/A       100%        3
 Vampiric Draining        Necr           0%         2d6       100%        3
 Fulminant Prism          Conj/Hex       0%         3d6       100%        4
 Iskenderun's Mystic Bla  Conj/Tloc      0%         2d3       100%        4
 Passage of Golubria      Tloc           N/A        N/A       100%        4
 Blade Hands              Tmut           0%         N/A       100%        5
 Lee's Rapid Deconstruct  Erth           0%         3d5*      100%        5
 Yara's Violent Unravell  Hex/Tmut       0%         3d3       100%        5
 Dispersal                Tloc           0%         N/A       100%        6
 Iron Shot                Conj/Erth      0%         9d1       100%        6
 Animate Skeleton         Necr           Unusable   N/A       N/A         1
 Tukima's Dance           Hex            Unusable   N/A       N/A         3
 Animate Armour           Summ/Erth      Unusable   N/A       N/A         4

Dungeon Overview and Level Annotations

Branches:
Dungeon (9/15)             Temple (1/1) D:4          Bailey (visited)
   Lair: D:8-11         Orc: D:9-12

Altars:
Ashenzari
Cheibriados
Dithmenos
Elyvilon
Fedhas
Gozag
Hepliaklqana
Kikubaaqudgha
Makhleb
Nemelex Xobeh
Okawaru
Qazlal
Sif Muna
Trog
Uskayaw
Vehumet
Wu Jian
Xom
Yredelemnul
Zin
The Shining One

Shops:
D:6 ?

Portals:
Abyss: D:6

Annotations:
D:6 2 transporters, OceanMan's ghost, novice GnCA


Innate Abilities, Weirdness & Mutations

You have a pair of horns on your head.
You reflexively headbutt those who attack you in melee.


Message History

The orc warrior hits you but does no damage.
An orc priest comes into view. It is wielding a +0 club.
The two-headed ogre hits you with a +0 giant club.
The two-headed ogre hits you but does no damage.
Things that are here:
a +0 falchion; an orc corpse You slash the two-headed ogre!
You headbutt the two-headed ogre, but do no damage.
The two-headed ogre is lightly wounded.
The orc warrior hits you with a +0 glaive!
The orc hits you with a +0 dagger.
You barely miss the two-headed ogre.
The two-headed ogre is lightly wounded.
The two-headed ogre hits you but does no damage.
The two-headed ogre hits you with a +0 dire flail.
The orc throws a stone.
The stone hits you but does no damage.
The orc warrior hits you with a +0 glaive!
You hit the two-headed ogre.
The two-headed ogre is moderately wounded.
The orc hits you but does no damage.
The orc priest invokes the aid of Beogh against you.
Beogh smites you!
* * * LOW HITPOINT WARNING * * *
You hit the two-headed ogre.
The two-headed ogre is moderately wounded.
You block the orc warrior's attack.
The two-headed ogre hits you but does no damage.
The two-headed ogre hits you with a +0 dire flail!
* * * LOW HITPOINT WARNING * * *
The orc barely misses you.
As you read the scroll of teleportation, it crumbles to dust.
You feel strangely unstable.
The orc warrior hits you with a +0 glaive.
* * * LOW HITPOINT WARNING * * *
You block the orc's attack.
The orc priest mumbles some strange prayers to Beogh against you.
Beogh smites you!
* * * LOW HITPOINT WARNING * * *
The two-headed ogre hits you with a +0 giant club!!
You die...

#..# #..# . #..# .. #..#
... #..#####....
#......o... #..Ooo.#
#...@o.# #$.....#
#......# #......#
#......# #......#
###......# ..........#
...........##############


You could see a two-headed ogre, an orc warrior, an orc priest and 2 orcs.

Vanquished Creatures
  2 orc knights (Bailey)
  A cyclops (D:6)
  A troll (D:9)
  Sigmund (D:2)
  2 steam dragons (D:8)
  A water moccasin (D:9)
  Duvessa (D:4)
  3 ice beasts (D:8)
  7 orc warriors
  A sky beast (D:6)
  5 black bears
  2 necrophages
  2 ogres (D:5)
  3 centaurs
  A phantom (D:6)
  Blork the orc (D:5)
  A kobold brigand (D:7)
  2 bullfrogs (D:6)
  4 scorpions
  A water moccasin zombie (D:7)
  Dowan (D:4)
  A water moccasin skeleton (D:5)
  4 killer bees (D:8)
  A centaur zombie (D:6)
  5 hounds
  A jelly (D:5)
  3 orc priests
  Crazy Yiuf (D:3)
  A bullfrog skeleton (D:7)
  2 gnoll shamans
  6 iguanas
  An orc wizard (D:9)
  A hound skeleton (D:5)
  Robin (D:2)
  11 gnolls
  5 adders
  A shadow imp (D:7)
  An adder skeleton (D:5)
  2 worms (D:3)
  5 dart slugs
  32 orcs
  3 bats
  An endoplasm (D:1)
  2 giant cockroaches
  15 goblins
  10 hobgoblins
  3 jackals (D:3)
  6 kobolds
  3 ball pythons
  2 frilled lizards
  A quokka skeleton (D:4)
  2 rats (D:1)
176 creatures vanquished.

Vanquished Creatures (others)
  3 fungi (D:3)
3 creatures vanquished.

Grand Total: 179 creatures vanquished

Notes
Turn   | Place    | Note
-------+----------+-------------------------------------------
     0 | D:1      | a11behringer the Minotaur Fighter began the quest for the
                  | Orb.
     0 | D:1      | Reached XP level 1. HP: 19/19 MP: 0/0
   208 | D:1      | Reached skill level 3 in Long Blades
   279 | D:1      | Reached XP level 2. HP: 27/27 MP: 1/1
   761 | D:1      | Found a faded altar of an unknown god.
   831 | D:2      | You fall into a shaft and drop 2 floors!
   872 | D:2      | Reached XP level 3. HP: 31/33 MP: 2/2
   919 | D:2      | Noticed Sigmund
   941 | D:2      | Killed Sigmund
   942 | D:2      | Reached skill level 5 in Long Blades
   942 | D:2      | Reached XP level 4. HP: 4/41 MP: 3/3
   942 | D:2      | Reached XP level 5. HP: 5/47 MP: 4/4
  1278 | D:2      | Identified a scroll of acquirement
  1278 | D:2      | Acquired the amulet "Ecuch" {Spirit rPois rF++ Regen+
                  | Dex-2}
  1329 | D:2      | Noticed Robin
  1341 | D:2      | Killed Robin
  1430 | D:2      | Found a shadowy altar of Dithmenos.
  1824 | D:3      | Found a snail-covered altar of Cheibriados.
  2048 | D:3      | Reached XP level 6. HP: 53/53 MP: 5/5
  2096 | D:3      | Found a broken altar of Ashenzari.
  2203 | D:3      | Found a runed translucent door.
  2204 | D:3      | Noticed Crazy Yiuf
  2213 | D:3      | Killed Crazy Yiuf
  2439 | D:4      | Reached skill level 6 in Long Blades
  2439 | D:4      | Reached skill level 5 in Armour
  2439 | D:4      | Reached skill level 1 in Dodging
  2600 | D:4      | Noticed Duvessa
  2602 | D:4      | Noticed Dowan
  2614 | D:4      | Killed Duvessa
  2619 | D:4      | Killed Dowan
  2620 | D:4      | Reached XP level 7. HP: 53/60 MP: 6/6
  2622 | D:4      | Identified the +1 chain mail of the Doldrums {rElec}
  2742 | D:4      | Identified the +5 mace of the Head {drain, rElec rF-
                  | Int+10}
  2785 | D:4      | Found a staircase to the Ecumenical Temple.
  2963 | Temple   | Entered the Ecumenical Temple
  3053 | Temple   | Became a worshipper of Warmaster Okawaru
  3174 | D:4      | Reached skill level 5 in Fighting
  3174 | D:4      | Reached skill level 7 in Long Blades
  3710 | D:5      | Entered Level 5 of the Dungeon
  3754 | D:5      | Noticed Blork the orc
  3767 | D:5      | Killed Blork the orc
  3882 | D:5      | Reached * piety under Okawaru
  3883 | D:5      | Reached skill level 8 in Long Blades
  3894 | D:5      | Identified the +1 robe of Gravitas {Int+4 Slay+3 Archmagi}
  3915 | D:5      | Reached XP level 8. HP: 63/68 MP: 7/7
  3927 | D:5      | Reached skill level 9 in Long Blades
  4055 | D:5      | Reached skill level 5 in Shields
  4478 | D:6      | Reached skill level 10 in Long Blades
  4492 | D:6      | Reached ** piety under Okawaru
  4620 | D:6      | Found a one-way gate to the infinite horrors of the Abyss.
  4620 | D:6      | Noticed OceanMan's ghost (novice GnCA)
  4754 | D:6      | Noticed a cyclops
  4775 | D:6      | Killed a cyclops
  4776 | D:6      | Reached skill level 11 in Long Blades
  4776 | D:6      | Reached XP level 9. HP: 15/78 MP: 1/8
  4953 | D:6      | Found a transporter.
  5065 | D:6      | Found a transporter.
  5073 | D:6      | Noticed a thrashing horror
  5217 | D:6      | Found Omegur's Magic Scroll Shop.
  5226 | D:6      | Bought a scroll of enchant weapon for 97 gold pieces
  5226 | D:6      | Bought a scroll of identify for 26 gold pieces
  5226 | D:6      | Bought a scroll of identify for 26 gold pieces
  5230 | D:6      | Bought a scroll of identify for 26 gold pieces
  5230 | D:6      | Bought a scroll of identify for 26 gold pieces
  5230 | D:6      | Bought a scroll of identify for 26 gold pieces
  5230 | D:6      | Bought a scroll of magic mapping for 45 gold pieces
  5455 | D:7      | Reached *** piety under Okawaru
  5489 | D:7      | Found a flagged portal.
  5510 | Bailey   | Entered a bailey
  5597 | Bailey   | Noticed an orc knight
  5640 | Bailey   | Reached skill level 1 in Slings
  5648 | Bailey   | Killed an orc knight
  5683 | Bailey   | Received a gift from Okawaru
  5772 | Bailey   | Noticed an orc knight
  5795 | Bailey   | Killed an orc knight
  5796 | Bailey   | Reached skill level 12 in Long Blades
  5796 | Bailey   | Reached skill level 5 in Slings
  5796 | Bailey   | Reached XP level 10. HP: 17/86 MP: 2/9
  6135 | D:7      | Reached **** piety under Okawaru
  6135 | D:7      | Received a gift from Okawaru
  6136 | D:7      | Reached skill level 1 in Invocations
  6149 | D:7      | Found a radiant altar of Vehumet.
  6735 | D:8      | Found a hide-covered altar of Uskayaw.
  6829 | D:8      | Found a shimmering altar of Xom.
  7418 | D:9      | Noticed a two-headed ogre
  7430 | D:9      | Mangled by a two-headed ogre

Illustrated notes

Levels and vault maps discovered:
D:1:      lightli_arrival_boilingwater, layout_loops_ring,
          shapermc_ecumenical_altar_hornbeckon
D:2:      layout_rooms, basic_altar, uniq_robin, uniq_sigmund
D:3:      layout_rooms, marbit_many_paths, cheibrodos_worm_habitat,
          uniq_crazy_yiuf_cottage
D:4:      layout_layer_cave, minmay_temple_entry_trees, nrook_mini_backslash,
          uniq_duvessa
D:5:      layout_loops_ring, kennysheep_generic_room_16, uniq_blork_the_orc
D:6:      layout_basic, serial_shops, shop, gammafunk_ghost_abyssal_escape
D:7:      layout_gridville, lemuel_round_altar, enter_bailey_2
D:8:      layout_basic, mainiacjoe_overflow_24_doors,
          eat_drink_and_be_merry_uskayaw
D:9:      layout_irregular_city, uniq_joseph, uniq_erica
Temple:   nicolae_temple_elliptical

Skill      XL: |  1  2  3  4  5  6  7  8  9 10 |
---------------+-------------------------------+-----
Long Blades    | 3 5 6 8 11 12 | 12.9
Armour         | 4 5 6 7 8 |  8.9
Fighting       | 4 5 6 7 8 |  8.1
Shields        | 4 5 6 |  6.2
Dodging        | 1 2 |  2.5
Slings         | 5 |  5.0
Invocations    | 2 |  2.7

Action                   |  1- 3 |  4- 6 |  7- 9 | 10-12 || total
-------------------------+-------+-------+-------+-------++-------
Melee: Long sword        |    58 |   150 |   251 |   160 ||   619
       Headbutt          |     8 |    27 |    69 |    51 ||   155
 Fire: Hunting sling     |       |       |    82 |       ||    82
Invok: Heroism           |       |       |     4 |     1 ||     5
  Use: Scroll            |     4 |     2 |    10 |     1 ||    17
       Potion            |       |       |     1 |     1 ||     2
Armor: Scale mail        |    25 |    80 |       |       ||   105
       Chain mail        |       |       |   146 |       ||   146
       Crystal plate arm |       |       |     6 |   133 ||   139
Dodge: Dodged            |    27 |    69 |   126 |    44 ||   266
Block: Buckler           |    12 |    33 |    73 |    40 ||   158

Table legend: (Time is in decaauts)
 A = Elapsed time spent in this place.
 B = Non-inter-level travel time spent in this place.
 C = Inter-level travel time spent in this place.
 D = Time resting spent in this place.
 E = Time spent auto-exploring this place.
 F = Levels seen in this place.
 G = Mean time per level.
                   A        B        C        D        E       F      G
               +--------+--------+--------+--------+--------+-----+--------+
         Total |   7421 |   6019 |   1402 |      0 |   4441 |  11 |  674.6 |
       Dungeon |   6873 |   5491 |   1382 |      0 |   4336 |   9 |  763.7 |
        Temple |    104 |     84 |     20 |      0 |     69 |   1 |  104.0 |
        Bailey |    442 |    442 |      0 |      0 |     36 |   1 |  442.0 |
               +--------+--------+--------+--------+--------+-----+--------+

Top non-repeatable levels by time:
     D:4: 1302 daAuts
     D:6: 960 daAuts
     D:1: 817 daAuts
     D:3: 796 daAuts
     D:5: 755 daAuts
     D:2: 741 daAuts
     D:7: 700 daAuts
     D:8: 630 daAuts
  Bailey: 442 daAuts
     D:9: 169 daAuts
  Temple: 104 daAuts
